 Dungeon Crawl Stone Soup version 0.18.1-6-gd335043 (webtiles) character file.

875 epen the Agent of Entropy (level 7, 0/54 HPs)
             Began as a Demonspawn Abyssal Knight on May 19, 2016.
             Was a Priest of Lugonu.
             Splashed by a jelly's acid (2 damage)
             ... on level 6 of the Dungeon.
             The game lasted 00:07:36 (4793 turns).

epen the Agent of Entropy (DsAK)                    Turns: 4793, Time: 00:07:37

Health: 0/54       AC:  0    Str: 14 (15) XL:     7   Next: 74%
Magic:  20/20      EV:  4    Int: 16      God:    Lugonu [***...]
Gold:   227        SH:  2    Dex: 12      Spells: 0 memorised, 6 levels left

rFire  + . .     SeeInvis .     q - +1 whip of the Warrior-Mage {venom, rF+ MP+9 Int+3} (curse)
rCold  + . .     Gourm    .     y - +0 plate armour of the Four Realms {+Fly rElec} (curse)
rNeg   . . .     Faith    .     (no shield)
rPois  .         Spirit   .     (no helmet)
rElec  +         Dismiss  .     (no cloak)
rCorr  .         Reflect  .     (no gloves)
SustAt .         Harm     .     (no boots)
MR     .....                    (no amulet)
Stlth  ..........               (no ring)
                                (no ring)

@: corroded, not resistant to hostile enchantments, extremely unstealthy
A: hooves 1, large bone plates 1, cold resistance 1, deformed body,
deterioration 1, foul stench 1, rot immunity
a: Depart the Abyss, Bend Space, Banish, Renounce Religion, Evoke Flight


You were on level 6 of the Dungeon.
You worshipped Lugonu.
Lugonu was most pleased with you.
You were hungry.

You visited 1 branch of the dungeon, and saw 6 of its levels.
You visited the Abyss 1 time.

You collected 227 gold pieces.

Inventory:

Hand Weapons
 a - a +1 falchion
 f - a +0 dagger of draining
 q - the cursed +1 whip of the Warrior-Mage (weapon) {venom, rF+ MP+9 Int+3}
   (You found it on level 4 of the Dungeon)

   It poisons the flesh of those it strikes.
   It affects your intelligence (+3).
   It protects you from fire.
   It affects your magic capacity (+9).
   It has a curse placed upon it.
Missiles
 h - a throwing net (quivered)
Armour
 b - a +0 leather armour
 i - a +0 ring mail
 r - a +0 buckler
 y - the cursed +0 plate armour of the Four Realms (worn) {+Fly rElec}
   (You found it on level 6 of the Dungeon)

   It insulates you from electricity.
   It lets you fly.
   It has a curse placed upon it.
Jewellery
 u - a cursed ring of teleportation {unknown}
Scrolls
 g - a scroll of amnesia
 j - a scroll of noise {unknown}
 o - a scroll of fear {unknown}
 p - a scroll of immolation {unknown}
 s - 3 scrolls of random uselessness {unknown}
 t - a scroll of remove curse {unknown}
 v - a scroll of enchant weapon {unknown}
 x - a scroll of recharging {unknown}
Potions
 e - 3 potions of agility
 k - 2 potions of haste
 l - 2 potions of heal wounds
 m - a potion of degeneration
 n - a potion of cancellation
 w - a potion of curing
Comestibles
 c - 3 bread rations


   Skills:
 + Level 4.3 Fighting
 * Level 4.2 Long Blades
 + Level 3.1 Armour
 + Level 3.3 Dodging
 + Level 1.9 Shields
 * Level 6.3 Invocations


You had 6 spell levels left.
You didn't know any spells.

Dungeon Overview and Level Annotations

Branches:
Dungeon (6/15)
 Temple: D:4-7

Altars:
Qazlal
Ru
Zin

Annotations:
D:3 epen's ghost, amateur DsAK
D:5 IjonTichy1's ghost, novice KoAr


Innate Abilities, Weirdness & Mutations

You have large cloven feet.
You are partially covered in large bone plates (AC +2, SH +2).
You may emit foul miasma when damaged in melee.
You are immune to rotting.
Your flesh is cold resistant.
Armour fits poorly on your strangely shaped body.
Your body sometimes deteriorates upon taking damage.


Message History

The jelly is almost dead.
The jelly hits you but does no damage.
You hit the jelly but do no damage.
The jelly is poisoned.
The acid corrodes you!
Your hands burn!
* * * LOW HITPOINT WARNING * * *
The jelly is almost dead.
You block the jelly's attack.
You are too injured to fight recklessly!
You are too injured to fight recklessly!
You hit the jelly but do no damage.
The jelly looks even sicker.
Your hands burn!
* * * LOW HITPOINT WARNING * * *
The jelly is almost dead.
The jelly hits you.
* * * LOW HITPOINT WARNING * * *
You are splashed with acid!
The acid burns!
* * * LOW HITPOINT WARNING * * *
Your body deteriorates!
You feel weakened.
You hit the jelly but do no damage.
Your hands burn!
You die...

.. ... ... ###########
... #....>....# # ...
#######.###.###...# ...
#.......# #.# ..# ...
#...)...###.###...##...
#.....@J...........'...
#.......####......##...
######### #.##...# ...
#.# ....#... #.#
...#... #.# ....... #..
...### ### ....


You could see a jelly.

Vanquished Creatures
  Pikel (D:5)
  A scorpion (D:5)
  2 crimson imps
  A giant frog zombie (D:5)
  An orc wizard (D:6)
  2 iguanas
  A worker ant (D:5)
  A hound skeleton (D:4)
  6 adders
  A shadow imp (D:5)
  An ooze (D:3)
  3 worms
  2 giant geckos
  3 orcs
  4 bats
  2 giant cockroaches
  12 goblins
  5 hobgoblins
  2 jackals (D:6)
  8 kobolds
  4 quokkas
  A giant gecko zombie (D:6)
  9 giant newts
  9 rats
82 creatures vanquished.

Vanquished Creatures (others)
  A slave (D:5)
  A crimson imp (D:5)
  A hound (D:6)
  A jelly (D:5)
  A centaur skeleton (D:5)
  2 orc wizards (D:5)
  A shadow imp (D:5)
  2 orcs (D:5)
  A giant newt (D:5)
11 creatures vanquished.

Grand Total: 93 creatures vanquished

Notes
Turn   | Place    | Note
--------------------------------------------------------------
     0 | Abyss:1  | epen the Demonspawn Abyssal Knight began the quest for the Orb.
     0 | Abyss:1  | Reached XP level 1. HP: 18/18 MP: 2/2
    72 | Abyss:1  | Noticed a chaos spawn
   103 | Abyss:1  | Noticed a small abomination
   103 | Abyss:1  | Noticed a bone dragon
   105 | D:1      | Escaped the Abyss
   122 | D:1      | Reached skill level 1 in Dodging
   163 | D:1      | Reached * piety under Lugonu
   168 | D:1      | Gained mutation: You are immune to rotting. [demonic ancestry]
   168 | D:1      | Reached XP level 2. HP: 11/24 MP: 4/4
   310 | D:1      | Reached skill level 3 in Invocations
   992 | D:2      | Gained mutation: You may emit foul miasma when damaged in melee. [demonic ancestry]
   992 | D:2      | Reached XP level 3. HP: 26/29 MP: 5/5
  1404 | D:2      | Reached ** piety under Lugonu
  1404 | D:2      | Gained mutation: You have large cloven feet. [demonic ancestry]
  1404 | D:2      | Reached XP level 4. HP: 30/35 MP: 6/6
  2033 | D:3      | Found a glowing silver altar of Zin.
  2084 | D:3      | Noticed epen's ghost (amateur DsAK)
  2457 | D:4      | Reached skill level 4 in Invocations
  2522 | D:4      | Got a twisted whip
  2529 | D:4      | Identified the cursed +1 whip of the Warrior-Mage {venom, rF+ MP+9 Int+3} (You found it on level 4 of the Dungeon)
  2606 | D:4      | Gained mutation: You are partially covered in large bone plates (AC +2, SH +2). [demonic ancestry]
  2606 | D:4      | Reached XP level 5. HP: 7/41 MP: 8/8
  2985 | D:4      | Found a stormy altar of Qazlal.
  3427 | D:5      | Entered Level 5 of the Dungeon
  3438 | D:5      | Noticed IjonTichy1's ghost (novice KoAr)
  3585 | D:5      | Noticed a slave
  3585 | D:5      | Noticed a slave
  3586 | D:5      | Noticed Pikel
  3586 | D:5      | Noticed a slave
  3589 | D:5      | Noticed a slave
  3606 | D:5      | Killed Pikel
  3606 | D:5      | Reached *** piety under Lugonu
  3606 | D:5      | Reached skill level 1 in Shields
  3606 | D:5      | Reached skill level 5 in Invocations
  3606 | D:5      | Reached XP level 6. HP: 7/48 MP: 10/10
  3606 | D:5      | Reached XP level 7. HP: 8/54 MP: 11/11
  4093 | D:5      | Reached skill level 6 in Invocations
  4145 | D:5      | Found a sacrificial altar of Ru.
  4165 | D:6      | Got a faintly humming plate armour
  4180 | D:6      | Identified the cursed +0 plate armour of the Four Realms {+Fly rElec} (You found it on level 6 of the Dungeon)
  4593 | D:6      | Gained mutation: Your body sometimes deteriorates upon taking damage. [potion of mutation]
  4593 | D:6      | Gained mutation: Your flesh is cold resistant. [potion of mutation]
  4593 | D:6      | Gained mutation: Armour fits poorly on your strangely shaped body. [potion of mutation]
  4792 | D:6      | HP: 2/54 [acid (8)]
  4793 | D:6      | Splashed by a jelly's acid

Skill      XL: |  1  2  3  4  5  6  7 |
---------------+----------------------+-----
Dodging        | 1 2 3 |  3.3
Long Blades    | 2 3 4 |  4.2
Invocations    | 3 4 5 6 |  6.3
Armour         | 2 3 |  3.1
Fighting       | 4 |  4.3
Shields        | 1 |  1.9

Action                   |  1- 3 |  4- 6 |  7- 9 || total
-------------------------+-------+-------+-------++-------
Melee: Falchion          |    36 |       |       ||    36
       Dagger            |   116 |    86 |       ||   202
       Kick              |       |    31 |    38 ||    69
       Whip              |       |    41 |   132 ||   173
Invok: Depart the Abyss  |     1 |       |       ||     1
       Banish            |       |       |     1 ||     1
 Abil: Evoke Flight      |       |       |     1 ||     1
  Use: Scroll            |       |       |     9 ||     9
       Potion            |       |       |     1 ||     1
  Eat: Chunk             |     1 |     5 |     5 ||    11
       Pizza             |       |     1 |       ||     1
Armor: Leather armour    |    16 |       |       ||    16
       Ring mail         |    54 |    40 |    18 ||   112
       Plate armour      |       |       |    60 ||    60
Dodge: Dodged            |    83 |    62 |    39 ||   184
Block: Other             |       |     1 |     4 ||     5
